 Dungeon Crawl Stone Soup version 0.28-b1-1-g3c77fb2ed1 (webtiles) character file.

Game seed: 17890122776834402214

195 zeram the Caller (level 5, -8/37 HPs)
             Began as a Gnoll Summoner on Jan 29, 2022.
             Mangled by an ogre (24 damage)
             ... on level 4 of the Dungeon.
             The game lasted 00:08:21 (4780 turns).

zeram the Caller (Gnoll Summoner)                   Turns: 4780, Time: 00:08:21

Health: -8/37      AC:  4    Str:  7    XL:     5   Next: 74%
Magic:  6/12       EV: 13    Int: 17    God:
Gold:   156        SH:  0    Dex: 12    Spells: 8/14 levels left

rFire   . . .      SeeInvis .   j - +1 morningstar (protect)
rCold   . . .      Faith    .   (no shield)
rNeg    . . .      Spirit   .   a - +0 robe
rPois   .          Reflect  .   (no helmet)
rElec   .          Harm     .   (no cloak)
rCorr   .          Rampage  .   (no gloves)
Will    .....                   h - +1 pair of boots
Stlth   +++.......              (no amulet)
HPRegen 0.12/turn               (no ring)
MPRegen 0.13/turn               (no ring)

@: lethally poisoned (-8 -> -14)
A: fangs 1, strong nose, distributed training
a: no special abilities


You were on level 4 of the Dungeon.
You visited 1 branch of the dungeon, and saw 4 of its levels.

You collected 156 gold pieces.

Inventory:

Hand Weapons
 d - a +0 whip
 j - a +1 morningstar of protection (weapon)
Armour
 a - a +0 robe (worn)
 h - a +1 pair of boots (worn)
Wands
 k - a wand of iceblast (12)
Scrolls
 i - a scroll of fear
Potions
 b - a potion of heal wounds
 c - a potion of might {unknown}
 e - a potion of flight
 f - a potion of mutation {unknown}
 g - a potion of haste {unknown}


   Skills:
 + Level 1.6 Fighting
 + Level 1.6 Short Blades
 + Level 1.6 Long Blades
 + Level 1.6 Axes
 + Level 1.6 Maces & Flails
 + Level 1.6 Polearms
 + Level 1.6 Staves
 + Level 1.6 Slings
 + Level 1.6 Bows
 + Level 1.6 Crossbows
 + Level 1.6 Throwing
 + Level 1.6 Armour
 + Level 4.8 Dodging
 + Level 4.4 Stealth
 + Level 1.6 Shields
 + Level 1.6 Unarmed Combat
 + Level 5.2 Spellcasting
 + Level 1.3 Conjurations
 + Level 1.3 Hexes
 + Level 7.2 Summonings
 + Level 1.3 Necromancy
 + Level 1.3 Translocations
 + Level 1.3 Transmutations
 + Level 1.3 Fire Magic
 + Level 1.3 Ice Magic
 + Level 1.3 Air Magic
 + Level 1.3 Earth Magic
 + Level 1.3 Poison Magic
 + Level 1.8 Invocations
 + Level 1.6 Evocations


You had 8 spell levels left.
You knew the following spells:

 Your Spells              Type           Power      Damage    Failure   Level
a - Summon Small Mammal   Summ           100%       N/A       1%          1
b - Call Imp              Summ           29%        N/A       1%          2
c - Call Canine Familiar  Summ           29%        N/A       2%          3

Your spell library contained the following spells:

 Spells                   Type           Power      Damage    Failure   Level
 Summon Guardian Golem    Hex/Summ       19%        N/A       7%          3
 Animate Armour           Summ/Erth      38%        N/A       24%         4
 Summon Lightning Spire   Summ/Air       19%        N/A       24%         4
 Sticky Flame             Conj/Fire      8%         2d3       63%         4
 Monstrous Menagerie      Summ           14%        N/A       99%         7
 Summon Hydra             Summ           14%        N/A       99%         7
 Spellforged Servitor     Conj/Summ      9%         N/A       100%        7
 Dragon's Call            Summ           14%        N/A       100%        9


Dungeon Overview and Level Annotations

Branches:
Dungeon (4/15)
 Temple: D:4-7

Altars:

Annotations:
D:2 Sigmund


Innate Abilities, Weirdness & Mutations

You have very sharp teeth.
Your uncanny sense of smell can sniff out nearby items.
Your experience applies equally to all skills.


Message History

You now have 156 gold pieces (gained 9).
k - a wand of iceblast (12)
An ogre comes into view. It is wielding a +0 giant spiked club.
The ogre shouts!
An adder comes into view.
There are monsters nearby!
There are monsters nearby!
There are monsters nearby!
Casting: Summon Small Mammal (safe; 1% risk of failure)
Confirm with . or Enter, or press ? or * to list all spells.
A beastly little devil appears in a puff of flame.
The adder hisses angrily.
Your iron imp disappears in a puff of smoke!
Casting: Call Imp (safe; 1% risk of failure)
Confirm with . or Enter, or press ? or * to list all spells.
Casting: Summon Small Mammal (safe; 1% risk of failure)
Confirm with . or Enter, or press ? or * to list all spells.
Your crimson imp hits the ogre.
You sock the adder!
Your weapon exudes an aura of protection.
The adder is severely wounded.
The adder completely misses you.
Your quokka bites the adder but does no damage.
The adder completely misses you.
Your crimson imp hits the ogre but does no damage.
You closely miss the adder.
The adder is severely wounded.
Your quokka misses the adder. The adder misses you.
Your quokka bites the adder.
The ogre hits you with a +0 giant spiked club!!
The adder bites you but does no damage.
You closely miss the adder.
The adder is almost dead.
Your crimson imp hits the ogre.
The adder bites you.
You are poisoned.
The adder poisons you!
Your quokka closely misses the adder.
An adder skeleton comes into view.
The ogre hits you with a +0 giant spiked club!!
Ouch! That really hurt!
You die...

##....#...........####.
......#...........#
......#......##.....
......#......##......
..### #......##......
.. #......###.....
#......# ...
...#####h.....#
......S@#######
......rO.......
.......5.......
...............
...............
##......#####..
#......# # ..Z.....


You could see an ogre (ally target), an adder (ally target), an adder skeleton,
a friendly hound (summoned), a friendly crimson imp (summoned) and a friendly
quokka (summoned).

Vanquished Creatures
  An adder (D:2)
  2 dart slugs
  3 ball pythons (D:1)
  2 bats
  4 endoplasms
  5 goblins
  A hobgoblin (D:2)
  A jackal (D:2)
  2 kobolds
  A quokka (D:1)
  3 frilled lizards
  A rat (D:3)
26 creatures vanquished.

Vanquished Creatures (collateral kills)
  Terence (D:3)
  4 gnolls (D:3)
  5 adders (D:2)
  3 dart slugs
  An orc (D:4)
  2 ball pythons (D:1)
  2 bats (D:2)
  2 endoplasms
  2 goblins
  3 hobgoblins
  3 jackals (D:2)
  2 quokkas (D:2)
  A frilled lizard (D:1)
  5 kobolds
  2 rats
38 creatures vanquished.

Grand Total: 64 creatures vanquished

Notes
Turn   | Place    | Note
-------+----------+-------------------------------------------
     0 | D:1      | zeram the Gnoll Summoner began the quest for the Orb.
     0 | D:1      | Reached XP level 1. HP: 13/13 MP: 6/6
   373 | D:1      | Reached XP level 2. HP: 19/19 MP: 4/7
   973 | D:1      | Reached XP level 3. HP: 25/25 MP: 6/9
   976 | D:1      | Learned a level 2 spell: Call Imp
  1074 | D:1      | Reached skill level 5 in Spellcasting
  1202 | D:1      | Found a faded altar of an unknown god.
  1428 | D:2      | Reached skill level 1 in Invocations
  1737 | D:2      | Reached skill level 1 in Fighting
  1737 | D:2      | Reached skill level 1 in Short Blades
  1737 | D:2      | Reached skill level 1 in Long Blades
  1737 | D:2      | Reached skill level 1 in Axes
  1737 | D:2      | Reached skill level 1 in Maces & Flails
  1737 | D:2      | Reached skill level 1 in Polearms
  1737 | D:2      | Reached skill level 1 in Staves
  1737 | D:2      | Reached skill level 1 in Slings
  1737 | D:2      | Reached skill level 1 in Bows
  1737 | D:2      | Reached skill level 1 in Crossbows
  1737 | D:2      | Reached skill level 1 in Throwing
  1737 | D:2      | Reached skill level 1 in Armour
  1737 | D:2      | Reached skill level 1 in Shields
  1737 | D:2      | Reached skill level 1 in Unarmed Combat
  1737 | D:2      | Reached skill level 1 in Evocations
  2052 | D:2      | Reached XP level 4. HP: 22/32 MP: 7/11
  2699 | D:2      | Noticed Sigmund
  2726 | D:2      | Reached skill level 1 in Conjurations
  2726 | D:2      | Reached skill level 1 in Hexes
  2726 | D:2      | Reached skill level 1 in Necromancy
  2726 | D:2      | Reached skill level 1 in Translocations
  2726 | D:2      | Reached skill level 1 in Transmutations
  2726 | D:2      | Reached skill level 1 in Fire Magic
  2726 | D:2      | Reached skill level 1 in Ice Magic
  2726 | D:2      | Reached skill level 1 in Air Magic
  2726 | D:2      | Reached skill level 1 in Earth Magic
  2726 | D:2      | Reached skill level 1 in Poison Magic
  3174 | D:2      | Learned a level 3 spell: Call Canine Familiar
  3938 | D:3      | Reached XP level 5. HP: 37/37 MP: 9/12
  4418 | D:3      | Noticed Terence
  4436 | D:3      | Killed Terence
  4653 | D:3      | Identified a scroll of acquirement
  4653 | D:3      | Acquired the Collected Works on Igneous Summoning
  4774 | D:4      | Noticed an ogre
  4780 | D:4      | Mangled by an ogre

Illustrated notes

Levels and vault maps discovered:
D:1:      evilmike_arrival_hilbert_curve, layout_basic,
          shapermc_ecumenical_altar_mp_urbaneastern, lemuel_another_geyser
D:2:      layout_loops_ring, serial_park_tiny_1, uniq_sigmund
D:3:      layout_loops_ring, uniq_terence
D:4:      layout_basic, minivault_14, kennysheep_generic_room_14

Skill      XL: |  1  2  3  4 |
---------------+-------------+-----
Spellcasting   | 5 |  5.2
Invocations    | 1 |  1.8
Fighting       | 1 |  1.6
Short Blades   | 1 |  1.6
Long Blades    | 1 |  1.6
Axes           | 1 |  1.6
Maces & Flails | 1 |  1.6
Polearms       | 1 |  1.6
Staves         | 1 |  1.6
Slings         | 1 |  1.6
Bows           | 1 |  1.6
Crossbows      | 1 |  1.6
Throwing       | 1 |  1.6
Armour         | 1 |  1.6
Shields        | 1 |  1.6
Unarmed Combat | 1 |  1.6
Evocations     | 1 |  1.6
Conjurations   | 1 |  1.3
Hexes          | 1 |  1.3
Necromancy     | 1 |  1.3
Translocations | 1 |  1.3
Transmutations | 1 |  1.3
Fire Magic     | 1 |  1.3
Ice Magic      | 1 |  1.3
Air Magic      | 1 |  1.3
Earth Magic    | 1 |  1.3
Poison Magic   | 1 |  1.3
Dodging        | |  4.8
Stealth        | |  4.4
Summonings     | |  7.2

Action                   |  1- 3 |  4- 6 || total
-------------------------+-------+-------++-------
Melee: Unarmed           |    12 |       ||    12
       Bite              |    10 |     9 ||    19
       Whip              |    68 |    97 ||   165
       Punch             |     1 |     1 ||     2
       Morningstar       |       |     3 ||     3
 Cast: Summon Small Mamm |    22 |    21 ||    43
       Call Imp          |    11 |    24 ||    35
       Call Canine Famil |       |     7 ||     7
  Use: Potion            |     2 |       ||     2
       Scroll            |       |     8 ||     8
 Stab: Sleeping          |     3 |     6 ||     9
       Distracted        |     2 |       ||     2
Armor: Robe              |    23 |    32 ||    55
Dodge: Dodged            |    72 |   110 ||   182
